 Dungeon Crawl Stone Soup version 0.31-a0-233-g139696dc86 (webtiles) character file.

Game seed: 4116487184030209978

70 qw the Shooter (level 4, -2/36 HPs)
             Began as a Minotaur Hexslinger on July 8, 2023.
             Slain by Natasha (4 damage)
             ... on level 2 of the Dungeon.
             The game lasted 00:00:26 (1222 turns).

qw the Shooter (Minotaur Hexslinger)                Turns: 1222, Time: 00:00:27

Health: -2/36      AC:  5    Str: 12    XL:     4   Next: 3%
Magic:  4/4        EV: 11    Int: 10    God:
Gold:   75         SH:  0    Dex: 15    Spells: 4/5 levels left

rFire   . . .        Y - +2 sling
rCold   + . .        (no shield)
rNeg    . . .        d - +0 ring mail
rPois   .            (helmet restricted)
rElec   .            (no cloak)
rCorr   .            (no gloves)
SInv    .            (no boots)
Will    .....        (no amulet)
Stlth   +            j - ring of protection from cold
HPRegen 0.26/turn    (no ring)
MPRegen 0.09/turn

%: no passive effects
@: slowed, very slow
A: horns 2, retaliatory headbutt
a: no special abilities


You were on level 2 of the Dungeon.
You visited 1 branch of the dungeon, and saw 2 of its levels.

You collected 114 gold pieces.
You spent 39 gold pieces at shops.


Innate Abilities, Weirdness & Mutations

You have a pair of horns on your head.
You reflexively headbutt those who attack you in melee.


   Skills:
 - Level 2.0 Fighting
 + Level 4.3 Ranged Weapons
 - Level 1.2 Armour
 - Level 2.1 Dodging
 - Level 1.0 Spellcasting
 - Level 2.0 Hexes


You had 4 spell levels left.
You knew the following spells:

 Your Spells              Type           Power      Damage    Failure   Level
a - Slow                  Hex            16%        N/A       34%         1

Your spell library contained the following spells:

 Spells                   Type           Power      Damage    Failure   Level
 Inner Flame              Hex/Fire       2%         N/A       83%         3
 Portal Projectile        Hex/Tloc       4%         N/A       83%         3
 Cause Fear               Hex            2%         N/A       98%         4

Inventory:

Hand Weapons
 Y - a +2 sling (weapon)
Armour
 d - a +0 ring mail (worn)
Jewellery
 c - a +6 ring of strength
 j - a ring of protection from cold (left hand)
Scrolls
 a - a scroll of fear {unknown}
 b - 3 scrolls of teleportation
 g - 2 scrolls of identify
Potions
 f - a potion of curing
 h - 2 potions of heal wounds
 i - a potion of might

Dungeon Overview and Level Annotations

Branches:
Dungeon (2/15)

Altars:
Dithmenos

Shops:
D:2 =[?

Annotations:
D:2 Natasha


Message History

You now have 75 gold pieces (gained 17).
Natasha, Servant of Life and Death comes into view.
Natasha hisses angrily.
Enter note:
Enter note:
Enter note:
Enter note:
Enter note:
Enter note:
Enter note:
Enter note:
Enter note: You shoot a sling bullet.
The sling bullet completely misses Natasha.
Natasha drinks a potion.
Natasha flickers and vanishes!
Deactivating autopickup; reactivate with Ctrl-A.
You shoot a sling bullet. You shoot a sling bullet. You shoot a sling bullet.
Something claws you.
You shoot a sling bullet. Something claws you.
You shoot a sling bullet. Something claws you but does no damage.
Something claws you.
You shoot a sling bullet.
You hear some strange, mumbled words.
You feel yourself slow down.
You shoot a sling bullet.
You hear some strange, mumbled words.
A magic dart appears from out of thin air!
The magic dart hits you. Something claws you!
You shoot a sling bullet. Something claws you. x2
You shoot a sling bullet.
Something claws you but does no damage. x2
You shoot a sling bullet. Something claws you but does no damage.
Something claws you.
You shoot a sling bullet. Something claws you but does no damage.
Something claws you.
You die...

#.##.######
.........%
#.#...####
.......###
#........+
...... +..
#.#...####
..... ###
#.##.##
.... #
#.#### . #
#.# #
#.######
#....@.#
######{# .#
.# .# .# ..
##


There were no monsters in sight!

Vanquished Creatures
  4 gnolls (D:2)
  A dart slug (D:1)
  An endoplasm (D:1)
  2 giant cockroaches
  3 hobgoblins
  A quokka (D:1)
  3 bats
  3 frilled lizards
  5 goblins
  4 kobolds
  2 rats (D:1)
29 creatures vanquished.

Notes
Turn   | Place    | Note
-------+----------+-------------------------------------------
     0 | D:1      | qw the Minotaur Hexslinger began the quest for the Orb.
     0 | D:1      | Reached XP level 1. HP: 16/16 MP: 1/1
     0 | D:1      | 0 ||| qw: Version: 0.3-a-46-gb1f654a
     0 | D:1      | 0 ||| qw: Game counter: 3631
     0 | D:1      | 0 ||| qw: Melee chars always use a shield: true
     0 | D:1      | 0 ||| qw: God list: Okawaru
     0 | D:1      | 0 ||| qw: Allow faded altars: false
     0 | D:1      | 0 ||| qw: Do Orc after clearing Dungeon:15 true
     0 | D:1      | 0 ||| qw: Do second Lair branch before Depths: true
     0 | D:1      | 0 ||| qw: Lair rune preference: random
     0 | D:1      | 0 ||| qw: Goals: Normal
     0 | D:1      | 0 ||| PLANNING D:1-11
   114 | D:1      | Reached skill level 3 in Ranged Weapons
   116 | D:1      | Reached XP level 2. HP: 18/23 MP: 2/2
   707 | D:1      | 707 ||| UPGRADING to +0 ring mail.
   717 | D:1      | 717 ||| DROPPING +0 robe.
   718 | D:1      | 718 ||| UPGRADING to ring of protection from cold.
   719 | D:1      | 719 ||| READING scroll labelled XYORRE GOYTTEM.
   720 | D:1      | 720 ||| READING 4 scrolls labelled WIHUCZ TEONTU.
   721 | D:1      | 721 ||| READING scroll labelled ENOSOHA VAUP.
   722 | D:1      | 722 ||| READING scroll labelled OMERPH VYISKEFI.
   723 | D:1      | 723 ||| DRINKING 2 bubbling cyan potions.
   724 | D:1      | 724 ||| READING 3 scrolls of identify.
   724 | D:1      | 724 ||| IDENTIFYING fuming silvery potion
   725 | D:1      | 725 ||| READING 2 scrolls of identify.
   725 | D:1      | 725 ||| IDENTIFYING silvery potion
   726 | D:1      | 726 ||| DROPPING scroll of poison.
   874 | D:2      | Reached XP level 3. HP: 29/29 MP: 3/3
   883 | D:2      | Reached skill level 4 in Ranged Weapons
   886 | D:2      | Reached skill level 1 in Armour
   965 | D:2      | Found Bisuowoutt's Magic Scroll Shop.
   968 | D:2      | 968 ||| BUYING scroll of teleportation (39 gold).
   968 | D:2      | Bought a scroll of teleportation for 39 gold pieces
  1051 | D:2      | Found a shadowy altar of Dithmenos.
  1074 | D:2      | Found Arueby's Antique Armour Boutique.
  1078 | D:2      | 1078 ||| SHOPLISTING pair of gloves (112 gold, have 58).
  1122 | D:2      | Found Maodon's Jewellery Boutique.
  1139 | D:2      | Reached XP level 4. HP: 36/36 MP: 4/4
  1141 | D:2      | 1141 ||| SHOPLISTING amulet of the Gloaming {Harm rN+
                  | Regen+ Str+4 Int-3} (519 gold, have 58).
  1141 | D:2      | 1141 ||| SHOPLISTING ring "Caid" {rPois rC- Dex+6 SInv}
                  | (441 gold, have 58).
  1141 | D:2      | 1141 ||| SHOPLISTING ring of Vyofoutwaph {Fly rN++ Will-
                  | rCorr Str+2} (475 gold, have 58).
  1141 | D:2      | 1141 ||| SHOPLISTING ring of protection from cold (300
                  | gold, have 58).
  1141 | D:2      | 1141 ||| SHOPLISTING ring of resist corrosion (240 gold,
                  | have 58).
  1210 | D:2      | Noticed Natasha
  1219 | D:2      | HP: 7/36 [something (4)]
  1221 | D:2      | HP: 2/36 [something (6)]
  1222 | D:2      | Slain by Natasha

Levels and vault maps discovered:
D:1:      dpeg_arrival_fog, layout_loops_ring
D:2:      layout_loops_corners, serial_shops, nicolae_shop_stone,
          nicolae_shop_trees, nicolae_shop_gaudy_bauble, nicolae_shop_trees,
          nicolae_shop_rolled_up, basic_altar, minmay_hedge_maze, moated_statue,
          uniq_natasha

Skill      XL: |  1  2  3 |
---------------+----------+-----
Ranged Weapons | 3 4 |  4.3
Fighting       | 2 |  2.0
Armour         | 1 |  1.2
Dodging        | |  2.1
Spellcasting   | |  1.0
Hexes          | |  2.0

Action                     |  1- 3 |  4- 6 || total
---------------------------+-------+-------++-------
   Fire: Sling             |    75 |    15 ||    90
    Use: Scroll            |     6 |       ||     6
         Potion            |     1 |       ||     1
 Armour: Robe              |     2 |       ||     2
         Ring mail         |    15 |     5 ||    20
  Dodge: Dodged            |    32 |     1 ||    33

Table legend:
 A = Non-vault XP
 B = Vault XP
 C = Vault XP percentage of total XP
 D = Non-vault monster count
 E = Vault monster count
 F = Vault count percentage of total count
                 A         B        C        D         E       F
            +---------+---------+-------+---------+---------+-------
      Total |     100 |       0 |   0.0 |      29 |       0 |   0.0
            +---------+---------+-------+---------+---------+-------
        D:1 |      30 |       0 |   0.0 |      18 |       0 |   0.0
        D:2 |      70 |       0 |   0.0 |      11 |       0 |   0.0
            +---------+---------+-------+---------+---------+-------
